Bibbit, chaotic male orcish Rogue ----- ----|- ------ |...-######### ----- |...^- |....-# #-...| # |...| ####-....| ------ |....|# ###|....# ##|..`. |....| +....| |>... # # -----# #|...| ----.- |....| |.....# # # % #-|-.- ## |....-# ----- ################################## #############.....|# # # # ### ### ------# # # # ##### # # # # # # ## ### # # # #### #### -.--|------- # # # #---------.----- # # |..........| # # ---------# #|..............######...........| # # |<_.....|# #..............| # |........).| #### # |........# |.............| ...........| #----- ##..{.....|######-..........{..| |..........| #|d!/| --------- --------------- ------------ #|@..| #@m)(| ----- Bibbit the Cutpurse Experience level: 3 Strength: 13 Dexterity: 18 Constitution: 17 Intelligence: 9 Wisdom: 12 Charisma: 6 Health: 0(30) Energy: 9(9) Def: 3 Gold: 113 Moves: 934 Dungeon seed: FeDjNdMzu6Im3gov Game ID: Bibbit_1545477153 Your Inventory: Coins $ - 113 gold pieces Weapons a - a blessed +0 orcish short sword (weapon in hand) b - 4 +0 orcish daggers (in quiver) m - a +0 orcish dagger s - a +0 sling Armor e - a blessed +1 leather armor (being worn) n - an uncursed +0 banded mail q - an uncursed +0 orcish helm r - an uncursed +0 pair of high boots Comestibles g - 3 uncursed food rations h - an uncursed carrot j - an uncursed fortune cookie l - an uncursed tin of jackal meat Scrolls i - an uncursed scroll of scare monster Spellbooks p - an uncursed spellbook of detect food Potions c - an uncursed potion of sickness k - an uncursed potion of hallucination Tools d - an uncursed lock pick f - an uncursed sack Spells and supernatural/magical abilities: Name Level Category Fail Memory W - pray for help -- divine ? -- Your skills at the end: Fighting Skills Weapon Skills dagger [Basic] short sword [Basic] Spellcasting Skills Final Attributes: You were haltingly aligned. You were poison resistant. You had infravision. You were stealthy. You were lucky. You are dead. Vanquished creatures: a hobbit a green mold 2 jackals a fox 4 goblins 4 lichens a kobold zombie 3 newts 17 creatures vanquished. Voluntary challenges: You were an atheist. You used a wielded weapon 8 times, starting on turn 71. You were illiterate. You never genocided any monsters. You never polymorphed an object. You never changed form. You used no wishes. You never split a pudding. You never wrote Elbereth's name. You violated your moral code, losing 30 points of alignment, starting on turn 561. Dungeon overview: The Dungeons of Doom: levels 1 to 2 Level 1 a fountain, a sink a long staircase Level 2 <- You were here a general store, an altar to Mog, some fountains History has recorded: On T:1 you entered the Dungeons of Doom to retrieve the Amulet of Yendor! On T:254 you advanced to experience level 2. On T:401 you reached level 2 of The Dungeons of Doom. On T:621 you advanced to experience level 3. Score breakdown: Gold: 113 ( 6996 points) Experience: 3 levels ( 7878 points) Exploration: 2 levels ( 4.00%) ( 4285 points) Discoveries: 1 item ( 0.35%) ( 1770 points) Valuables value: (no points given unless you survive) Artifact value: 0 ( 0 points) Variety of kills: 8 monsters ( 2.10%) ( 4347 points) Turncount: 934 turns ( 0 points) Survival: died (score multiplied by 80%) Total score: 20220 Latest messages: Hebiwerie talks about the problem of shoplifters. You see here an oil lamp (15 zorkmids). Wait! That's a small mimic! The small mimic hits! You stop. Your little dog is in the way! You displace your little dog. "Hello, Bibbit! Welcome again to Hebiwerie's general store!" You throw 2 orcish daggers. The 1st orcish dagger hits the small mimic. The 2nd orcish dagger hits the small mimic. You throw 2 orcish daggers. The 1st orcish dagger hits the small mimic. The 2nd orcish dagger hits the small mimic. The little dog picks up a wand. The little dog drops a wand. The orcish dagger hits the small mimic. The orcish dagger hits the small mimic. The small mimic hits! You die... Hebiwerie gratefully inherits all your possessions. The sack is empty. Final status: Goodbye Bibbit the Rogue, killed by a small mimic... You died in The Dungeons of Doom on dungeon level 2 with 20220 points, and 113 pieces of gold, after 934 moves. You were level 3 with a maximum of 30 hit points when you died.